 Dungeon Crawl Stone Soup version 0.28.0-45-g0d030f2227 (webtiles) character file.

Game seed: 7696178495160824389

1040 101zpm the Gusty (level 8, -1/58 HPs)
             Began as a Gnoll Air Elementalist on Apr 22, 2022.
             Slain by a gnoll sergeant
             ... wielding a +0 spear
              (6 damage)
             ... on level 6 of the Dungeon.
             The game lasted 00:14:21 (6449 turns).

101zpm the Gusty (Gnoll Air Elementalist)           Turns: 6449, Time: 00:14:21

Health: -1/58      AC:  4    Str:  7    XL:     8   Next: 24%
Magic:  10/25      EV: 14    Int: 17    God:
Gold:   330        SH:  0    Dex: 13    Spells: 4/18 levels left

rFire   . . .      SeeInvis .   C - +2 short sword (venom)
rCold   . . .      Faith    .   (no shield)
rNeg    . . .      Spirit   .   a - +0 robe
rPois   .          Reflect  .   k - +0 helmet
rElec   .          Harm     .   (no cloak)
rCorr   .          Rampage  .   (no gloves)
Will    .....                   j - +0 pair of boots
Stlth   +++.......              (no amulet)
HPRegen 0.19/turn               i - ring of magical power
MPRegen 0.19/turn               (no ring)

@: no status effects
A: fangs 1, strong nose, distributed training
a: no special abilities


You were on level 6 of the Dungeon.
You visited 2 branches of the dungeon, and saw 7 of its levels.

You collected 330 gold pieces.

Inventory:

Hand Weapons
 C - a +2 short sword of venom (weapon)
Armour
 a - a +0 robe (worn)
 j - a +0 pair of boots (worn)
 k - a +0 helmet (worn)
Jewellery
 i - a ring of magical power (left hand)
 u - an amulet of guardian spirit
 B - a ring of poison resistance
Wands
 o - a wand of paralysis (13)
Scrolls
 e - 3 scrolls of teleportation {unknown}
 f - a scroll of enchant armour {unknown}
 g - 3 scrolls of identify {unknown}
 l - a scroll of vulnerability {unknown}
 m - a scroll of enchant weapon {unknown}
 q - a scroll of summoning {unknown}
 r - a scroll of torment {unknown}
 v - a scroll of fog {unknown}
 w - a scroll of noise {unknown}
 y - a scroll of amnesia {unknown}
 z - a scroll of fear {unknown}
 A - 2 scrolls of magic mapping {unknown}
Potions
 b - a potion of degeneration {unknown}
 c - a potion of might {unknown}
 h - 2 potions of berserk rage {unknown}
 n - a potion of mutation {unknown}
 p - 2 potions of magic {unknown}
 s - 2 potions of haste {unknown}
 t - a potion of invisibility {unknown}
 x - a potion of attraction {unknown}


   Skills:
 + Level 3.1 Fighting
 + Level 3.1 Short Blades
 + Level 3.1 Long Blades
 + Level 3.1 Axes
 + Level 3.1 Maces & Flails
 + Level 3.1 Polearms
 + Level 3.1 Staves
 + Level 3.1 Slings
 + Level 3.1 Bows
 + Level 3.1 Crossbows
 + Level 3.1 Throwing
 + Level 3.1 Armour
 + Level 5.6 Dodging
 + Level 5.2 Stealth
 + Level 3.1 Shields
 + Level 3.1 Unarmed Combat
 + Level 5.9 Spellcasting
 + Level 3.3 Conjurations
 + Level 2.5 Hexes
 + Level 2.5 Summonings
 + Level 2.5 Necromancy
 + Level 2.5 Translocations
 + Level 2.5 Transmutations
 + Level 2.5 Fire Magic
 + Level 2.5 Ice Magic
 + Level 6.0 Air Magic
 + Level 2.5 Earth Magic
 + Level 2.5 Poison Magic
 + Level 3.4 Invocations
 + Level 3.1 Evocations


You had 4 spell levels left.
You knew the following spells:

 Your Spells              Type           Power      Damage    Failure   Level
a - Shock                 Conj/Air       84%        1d8       1%          1
b - Static Discharge      Conj/Air       21%        N/A       2%          2
c - Swiftness             Air            25%        N/A       3%          3
d - Airstrike             Air            12%        N/A       11%         4
e - Scorch                Fire           26%        2d6       7%          2
f - Blink                 Tloc           26%        N/A       7%          2

Your spell library contained the following spells:

 Spells                   Type           Power      Damage    Failure   Level
 Animate Skeleton         Necr           26%        N/A       4%          1
 Pain                     Necr           52%        1d6       4%          1
 Vampiric Draining        Necr           13%        2d6       14%         3
 Flame Wave               Conj/Fire      15%        2d6       36%         4
 Sticky Flame             Conj/Fire      15%        2d4       36%         4
 Dispel Undead            Necr           13%        3d9       41%         4
 Manifold Assault         Tloc           13%        N/A       77%         5
 Summon Cactus Giant      Summ           6%         N/A       100%        6
 Storm Form               Tmut/Air       9%         N/A       100%        7


Dungeon Overview and Level Annotations

Branches:
Dungeon (6/15)             Temple (1/1) D:4

Altars:
Ashenzari
Cheibriados
Dithmenos
Fedhas
Gozag
Hepliaklqana
Kikubaaqudgha
Okawaru
Qazlal
Ru
Sif Muna
Trog
Uskayaw
Wu Jian
Xom
The Shining One

Shops:
D:6 !

Annotations:
D:6 Eustachio


Innate Abilities, Weirdness & Mutations

You have very sharp teeth.
Your uncanny sense of smell can sniff out nearby items.
Your experience applies equally to all skills.


Message History

* * * LOW HITPOINT WARNING * * *
You feel very sick. The killer bee closely misses you.
* * * LOW HITPOINT WARNING * * *
You feel sick. The killer bee closely misses you.
* * * LOW HITPOINT WARNING * * *
You feel sick.
You kill the killer bee!
The killer bee stings you but does no damage.
There is an open door here.
* * * LOW HITPOINT WARNING * * *
You feel sick. The killer bee closely misses you.
Casting: Airstrike (dangerous; 11% risk of failure)
Confirm with . or Enter, or press ? or * to list all spells.
Aiming: Airstrike (dangerous; 11% risk of failure)
Press: ? - help, Dir - move target, f - killer bee
Aim: a killer bee (lightly wounded, empty space bonus: 5/8)
The air twists around and strikes the killer bee!
The killer bee is severely wounded.
* * * LOW HITPOINT WARNING * * *
You feel sick. The killer bee barely misses you. The killer bee stings you.
* * * LOW HITPOINT WARNING * * *
You are more poisoned.
The killer bee poisons you!
You feel better. The killer bee closely misses you. The killer bee stings you.
* * * LOW HITPOINT WARNING * * *
You are lethally poisoned!
The killer bee poisons you!
You feel better.
The killer bee stings you but does no damage.
The gnoll sergeant closely misses you. The killer bee closely misses you.
Okay, then.
Aiming: Shock (safe; 1% risk of failure)
Press: ? - help, Q - select action, (/) - cycle Shift-Dir - straight line, f - gnoll sergeant, p - killer bee
Aim: a gnoll sergeant, wielding a +0 spear and wearing a +0 ring mail (lightly wounded, 81% to hit)
The zap misses the killer bee.
The zap misses the gnoll sergeant.
The killer bee stings you.
* * * LOW HITPOINT WARNING * * *
The gnoll sergeant hits you from afar with a +0 spear.
You die...

#..#..................
#.#.#.#.#.#.#.#.#.....
#.....................
#########g.................
#........########..........
##........#......#....†.....
.........g#......#..........
..........y......#..........
..........#@.....'..........
..........#......#..........
..........#......#...>......
#######'###......#......#+##
.................#......#..#
.................#......#..#
.................#......#).#
.................#......#'##
.##......##......#......#..#


You could see a gnoll sergeant and a killer bee.

Vanquished Creatures
  A centaur (D:6)
  An ogre (D:6)
  A phantom (D:4)
  A scorpion (D:5)
  A water moccasin zombie (D:5)
  2 killer bees (D:6)
  2 centaur zombies (D:5)
  A jelly (D:4)
  A centaur skeleton (D:6)
  2 iguanas
  Ijyb (D:4)
  4 orc wizards (D:5)
  A hound zombie (D:5)
  2 hound skeletons (D:4)
  9 adders
  7 gnolls
  3 worms
  A dart slug (D:1)
  8 orcs
  3 ball pythons
  6 endoplasms
  6 giant cockroaches
  8 goblins
  13 hobgoblins
  13 kobolds
  5 quokkas
  11 bats
  3 frilled lizards
  6 rats
123 creatures vanquished.

Vanquished Creatures (others)
  4 fungi (D:6)
  A plant (D:6)
  4 toadstools (D:6)
  2 withered plants (D:3)
11 creatures vanquished.

Grand Total: 134 creatures vanquished

Notes
Turn   | Place    | Note
-------+----------+-------------------------------------------
     0 | D:1      | 101zpm the Gnoll Air Elementalist began the quest for the
                  | Orb.
     0 | D:1      | Reached XP level 1. HP: 13/13 MP: 6/6
   188 | D:1      | Reached XP level 2. HP: 19/19 MP: 3/7
   717 | D:1      | Reached XP level 3. HP: 25/25 MP: 7/9
   740 | D:1      | Found a faded altar of an unknown god.
   826 | D:1      | Reached skill level 5 in Spellcasting
  1029 | D:2      | Reached skill level 1 in Invocations
  1091 | D:2      | Found a blossoming altar of Fedhas.
  1137 | D:2      | Reached skill level 1 in Fighting
  1137 | D:2      | Reached skill level 1 in Short Blades
  1137 | D:2      | Reached skill level 1 in Long Blades
  1137 | D:2      | Reached skill level 1 in Axes
  1137 | D:2      | Reached skill level 1 in Maces & Flails
  1137 | D:2      | Reached skill level 1 in Polearms
  1137 | D:2      | Reached skill level 1 in Staves
  1137 | D:2      | Reached skill level 1 in Slings
  1137 | D:2      | Reached skill level 1 in Bows
  1137 | D:2      | Reached skill level 1 in Crossbows
  1137 | D:2      | Reached skill level 1 in Throwing
  1137 | D:2      | Reached skill level 1 in Armour
  1137 | D:2      | Reached skill level 1 in Shields
  1137 | D:2      | Reached skill level 1 in Unarmed Combat
  1137 | D:2      | Reached skill level 1 in Evocations
  1197 | D:2      | Reached XP level 4. HP: 32/32 MP: 4/11
  1902 | D:3      | Found a stormy altar of Qazlal.
  2085 | D:3      | Reached skill level 1 in Hexes
  2085 | D:3      | Reached skill level 1 in Summonings
  2085 | D:3      | Reached skill level 1 in Necromancy
  2085 | D:3      | Reached skill level 1 in Translocations
  2085 | D:3      | Reached skill level 1 in Transmutations
  2085 | D:3      | Reached skill level 1 in Fire Magic
  2085 | D:3      | Reached skill level 1 in Ice Magic
  2085 | D:3      | Reached skill level 1 in Earth Magic
  2085 | D:3      | Reached skill level 1 in Poison Magic
  2284 | D:3      | Found an ancient bone altar of Kikubaaqudgha.
  2370 | D:3      | Found an iron altar of Okawaru.
  2523 | D:3      | Found a bloodstained altar of Trog.
  2682 | D:3      | Found an ornate altar of the Wu Jian Council.
  3030 | D:4      | Reached XP level 5. HP: 37/37 MP: 12/12
  3128 | D:4      | Noticed Ijyb
  3136 | D:4      | Paralysed by Ijyb for 6 turns
  3150 | D:4      | Killed Ijyb
  3464 | D:3      | Learned a level 2 spell: Static Discharge
  3468 | D:3      | Learned a level 3 spell: Swiftness
  3473 | D:3      | Learned a level 4 spell: Airstrike
  3476 | D:3      | Learned a level 2 spell: Scorch
  3479 | D:3      | Learned a level 2 spell: Blink
  3487 | D:3      | Reached XP level 6. HP: 40/44 MP: 13/13
  3947 | D:4      | Found a staircase to the Ecumenical Temple.
  4107 | D:4      | Reached skill level 5 in Dodging
  4288 | Temple   | Entered the Ecumenical Temple
  4529 | D:5      | Entered Level 5 of the Dungeon
  4775 | D:5      | Reached XP level 7. HP: 50/50 MP: 11/15
  5256 | D:5      | Found a shimmering blue altar of Sif Muna.
  5440 | D:5      | Reached skill level 5 in Stealth
  5594 | D:6      | Found Egav's Distillery.
  6262 | D:6      | Reached skill level 6 in Air Magic
  6262 | D:6      | Reached XP level 8. HP: 57/57 MP: 16/16
  6432 | D:6      | Noticed Eustachio
  6446 | D:6      | HP: 1/58 [killer bee (3)]
  6449 | D:6      | Slain by a gnoll sergeant

Illustrated notes

Levels and vault maps discovered:
D:1:      dpeg_arrival_rooms_with_view, layout_basic,
          dilly_ecumenical_altar_fadedgnrine
D:2:      layout_loops_cross, basic_altar, minmay_misc_feat_encased
D:3:      wad_crossroads, layout_basic, kiku_gazebo_garden_becter,
          nicolae_wu_jian_immortal_techniques, okawaru_trees_1,
          trog_butcher_becter, lemuel_tele_altar, minivault_5
D:4:      layout_basic, minmay_temple_entry_slanted, uniq_ijyb
D:5:      layout_gridville, led_sif_book
D:6:      corexii_shantytown, layout_gridville, serial_shops, shop,
          hangedman_decor_riveting, minmay_misc_feat_diagonals,
          minmay_gold_behind_fungi, uniq_maggie, uniq_eustachio
Temple:   jpeg_temple_alley_garden

Skill      XL: |  1  2  3  4  5  6  7  8 |
---------------+-------------------------+-----
Conjurations   | 2 3 |  3.3
Spellcasting   | 5 |  5.9
Invocations    | 1 2 3 |  3.4
Fighting       | 1 2 3 |  3.1
Short Blades   | 1 2 3 |  3.1
Long Blades    | 1 2 3 |  3.1
Axes           | 1 2 3 |  3.1
Maces & Flails | 1 2 3 |  3.1
Polearms       | 1 2 3 |  3.1
Staves         | 1 2 3 |  3.1
Slings         | 1 2 3 |  3.1
Bows           | 1 2 3 |  3.1
Crossbows      | 1 2 3 |  3.1
Throwing       | 1 2 3 |  3.1
Armour         | 1 2 3 |  3.1
Shields        | 1 2 3 |  3.1
Unarmed Combat | 1 2 3 |  3.1
Evocations     | 1 2 3 |  3.1
Hexes          | 1 2 |  2.5
Summonings     | 1 2 |  2.5
Necromancy     | 1 2 |  2.5
Translocations | 1 2 |  2.5
Transmutations | 1 2 |  2.5
Fire Magic     | 1 2 |  2.5
Ice Magic      | 1 2 |  2.5
Earth Magic    | 1 2 |  2.5
Poison Magic   | 1 2 |  2.5
Dodging        | 5 |  5.6
Stealth        | 5 |  5.2
Air Magic      | 6 |  6.0

Action                   |  1- 3 |  4- 6 |  7- 9 || total
-------------------------+-------+-------+-------++-------
Melee: Unarmed           |     4 |     4 |     7 ||    15
       Punch             |       |     1 |     2 ||     3
       Short sword       |       |       |    13 ||    13
       Bite              |       |       |     3 ||     3
 Cast: Shock             |    63 |   104 |    21 ||   188
       Scorch            |       |     9 |       ||     9
       Airstrike         |       |    15 |    40 ||    55
  Use: Potion            |       |       |     2 ||     2
Armor: Robe              |     4 |       |     5 ||     9
Dodge: Dodged            |     5 |    23 |    28 ||    56
